 Dungeon Sprint DCSS version 0.29.1-13-g9f3cf754e1 (webtiles) character file.

Game seed: 1533021092408732541

16209 boopmooplesden the Minotaur Blade (level 12, 0/108 HPs)
             Began as a Minotaur Berserker on Jan 24, 2023.
             Was the Champion of Trog.
             Slain by a fire giant
             ... wielding a +1 great sword of flaming
              (1 damage)
             ... in the Dungeon (Sprint I: "Red Sonja").
             The game lasted 00:09:55 (4404 turns).

boopmooplesden the Minotaur Blade (MiBe)            Turns: 4404, Time: 00:09:55

Health: 0/108      AC: 20    Str: 23      XL:     12   Next: 8%
Magic:  8/8        EV: 11    Int:  2 (3)  God:    Trog [******]
Gold:   1856       SH:  0    Dex: 12      Spells: 11/11 levels left

rFire   + . .      SeeInvis +   C - +8 autumn katana {vorpal, manifold assault}
rCold   + . .      Faith    .   (no shield)
rNeg    . . .      Spirit   .   w - +1 plate armour {rF+}
rPois   .          Reflect  .   v - +1 hat
rElec   .          Harm     .   (no cloak)
rCorr   .          Rampage  +   (no gloves)
Will    ++...      Rage     3%  u - +1 pair of boots of Wisdom {Rampage Int+3}
Stlth   .......... NoTele   +   (no amulet)
HPRegen 1.28/turn               r - ring of protection from cold
MPRegen 0.11/turn               t - +4 ring of protection

@: strong-willed, on berserk cooldown, regenerating, slowed, glowing, unable to
read, unable to drink, very slow
A: horns 2, retaliatory headbutt, see invisible, berserk 1, deformed body,
deterioration 2, dopey 2, frail 2, low MP 2, weak 1, no potion heal 1, subdued
magic 2, inability to drink after injury 1, inability to read after injury 2
a: Renounce Religion, Berserk, Trog's Hand, Brothers in Arms


You were in the Dungeon.
You worshipped Trog.
Trog was exalted by your worship.
You visited 1 branch You collected 3638 gold pieces.
You spent 1782 gold pieces at shops.

Inventory:

Hand Weapons
 a - a +0 falchion
 c - a +3 antimagic great sword
 o - a +2 triple sword
 C - the +8 autumn katana (weapon) {vorpal, manifold assault}
   (Trog gifted it to you in the Dungeon)

   It sometimes launches melee attacks against multiple visible enemies.
Missiles
 n - 3 javelins (quivered)
 s - a throwing net
Armour
 b - a +0 animal skin
 j - a +0 leather armour
 q - a +0 chain mail
 u - the +1 pair of boots of Wisdom (worn) {Rampage Int+3}
   (You bought it in a shop in the Dungeon)

   Int:       It affects your intelligence (+3).
   Rampage:   It bestows one free step when moving towards enemies.
 v - a +1 hat (worn)
 w - a +1 plate armour of fire resistance (worn)
 D - the +2 ring mail of Snakes and Ladders {rPois rF+ Dex+6}
   (You bought it in a shop in the Dungeon)

   Dex:       It affects your dexterity (+6).
   rF:        It protects you from fire.
   rPois:     It protects you from poison.
Jewellery
 r - a ring of protection from cold (left hand)
 t - a +4 ring of protection (right hand)
 y - a ring of ice
Wands
 i - a wand of iceblast (13)
 k - a wand of polymorph (11)
 x - a wand of flame (14)
Scrolls
 h - a scroll of blinking
 m - a scroll of vulnerability
Potions
 d - a potion of heal wounds
 e - 2 potions of haste
 f - 2 potions of magic
 g - 2 potions of berserk rage
 l - a potion of brilliance {unknown}
 p - a potion of cancellation {unknown}
 z - 2 potions of curing


   Skills:
 + Level 21.0 Fighting
 + Level 22.6 Long Blades
 + Level 15.0 Armour
 + Level 11.1 Dodging
 + Level 5.3 Stealth


You had 11 spell levels left.
You didn't know any spells.
Your spell library was empty.

Dungeon Overview and Level Annotations

Branches:
Dungeon (1/1)

Altars:
Cheibriados
Dithmenos
Elyvilon
Fedhas
Gozag
Hepliaklqana
Kikubaaqudgha
Makhleb
Nemelex Xobeh
Okawaru
Qazlal
Ru
Sif Muna
Trog
Uskayaw
Vehumet
Wu Jian
Xom
Yredelemnul
Zin
The Shining One
Jiyva
Lugonu

Shops:
D !*[!*:*!(((!*([(:([[[


Innate Abilities, Weirdness & Mutations

You have a pair of horns on your head.
You reflexively headbutt those who attack you in melee.
You have supernaturally acute eyesight. (SInv)
You sometimes lose your temper in combat.
Armour fits poorly on your strangely shaped body.
Your body often deteriorates upon taking damage.
You are very dopey. (Int -4)
You are very frail. (-20% HP)
Your magical capacity is very low. (-20% MP)
You are weak. (Str -2)
Potions are less effective at restoring your health.
Your spells are easier to cast, but less powerful.
You occasionally lose the ability to drink potions when taking damage.
You sometimes lose the ability to read scrolls when taking damage.


Message History

You feel threatened and lose the ability to drink potions!
The fire giant burns you.
You hit the fire giant but do no damage.
You headbutt the fire giant.
The fire giant is lightly wounded.
You hit the fire giant but do no damage.
The fire giant is lightly wounded.
The fire giant gestures at you while chanting.
The bolt of fire hits you! You resist.
* * * LOW HITPOINT WARNING * * *
You cannot drink potions in your current state!
Your skin crawls.
You feel strong-willed.
The fire giant hits you but does no damage.
The fire giant hits you with a +1 great sword of flaming!
* * * LOW HITPOINT WARNING * * *
The fire giant burns you.
* * * LOW HITPOINT WARNING * * *
You hit the fire giant.
The fire giant is lightly wounded.
A fire giant comes into view.
It is wielding a +2 great sword of flaming.
The fire giant hits you with a +1 great sword of flaming!
* * * LOW HITPOINT WARNING * * *
The fire giant burns you.
* * * LOW HITPOINT WARNING * * *
You cannot drink potions in your current state!
The fire giant shouts!
You hit the fire giant.
You headbutt the fire giant, but do no damage.
The fire giant is lightly wounded.
You rampage towards the fire giant!
You completely miss the fire giant.
You headbutt the fire giant, but do no damage.
The fire giant hits you with a +2 great sword of flaming!
* * * LOW HITPOINT WARNING * * *
The fire giant burns you.
* * * LOW HITPOINT WARNING * * *
The fire giant hits you with a +1 great sword of flaming.
* * * LOW HITPOINT WARNING * * *
The fire giant burns you.
You die...

..).§#§#.###§§§######
###.§'.#'#.###§# !=##
.##'####...#y#§##$$$#
.#°°..○#...###§§###$#
.#°....'....°##§#A#$#
'###.°°#.....#§.###$#
.'.#...###''##§##..$#
##.#..###..###§C#'###
##.#..####..###.@C#
##.##'#..#[.#.###.#
#§##.#....°....#.#
+§####....°.○..#.#
##.#.('......####'#
.#§#####...###....#
#§.# #####C..####
#### .C...## # .###


You could see a daeva and 2 fire giants.

Vanquished Creatures
  A fire giant (D)
  A lorocyproca (D)
  2 centaur warriors (D)
  A hydra (D)
  Sonja (D)
  A deep troll (D)
  A lindwurm (D)
  An oklob plant (D)
  8 shining eyes (D)
  A gargoyle (D)
  7 unseen horrors (D)
  4 demonic crawlers (D)
  2 kobold demonologists (D)
  A hornet (D)
  A slime creature (D)
  Sigmund (D)
  A yak (D)
  13 hogs (D)
  2 redbacks (D)
  7 floating eyes (D)
  An ogre (D)
  7 necrophages (D)
  8 jellies (D)
  Ijyb (D)
74 creatures vanquished.

Vanquished Creatures (others)
  2 ballistomycete spores (D)
2 creatures vanquished.

Grand Total: 76 creatures vanquished

Notes
Turn   | Place    | Note
-------+----------+-------------------------------------------
     0 | D        | boopmooplesden the Minotaur Berserker began the quest for
                  | the Orb.
     0 | D        | Reached XP level 1. HP: 19/19 MP: 0/0
     3 | D        | Noticed Ijyb
     9 | D        | Killed Ijyb
    10 | D        | Reached skill level 5 in Fighting
    10 | D        | Reached skill level 5 in Long Blades
    10 | D        | Reached XP level 2. HP: 28/30 MP: 1/1
   209 | D        | Noticed an ogre
   215 | D        | Killed an ogre
   216 | D        | Reached skill level 7 in Long Blades
   216 | D        | Reached XP level 3. HP: 32/40 MP: 2/2
   216 | D        | Reached XP level 4. HP: 39/48 MP: 3/3
   394 | D        | Noticed Sigmund
   417 | D        | Killed Sigmund
   417 | D        | Reached ** piety under Trog
   418 | D        | Reached skill level 10 in Fighting
   418 | D        | Reached skill level 9 in Long Blades
   418 | D        | Reached skill level 5 in Armour
   418 | D        | Reached skill level 5 in Dodging
   418 | D        | Reached XP level 5. HP: 34/58 MP: 4/4
   418 | D        | Reached XP level 6. HP: 39/66 MP: 5/5
   605 | D        | Found a burning altar of Makhleb.
   605 | D        | Found a viscous altar of Jiyva.
   605 | D        | Found a shimmering altar of Xom.
   605 | D        | Found a corrupted altar of Lugonu.
   605 | D        | Noticed a slime creature
   614 | D        | Killed a slime creature
   615 | D        | Reached skill level 11 in Long Blades
   615 | D        | Reached skill level 1 in Stealth
   669 | D        | Noticed a kobold demonologist
   671 | D        | Noticed a floating eye
   671 | D        | Noticed a kobold demonologist
   672 | D        | Noticed a hellwing
   674 | D        | Killed a floating eye
   675 | D        | Reached XP level 7. HP: 74/74 MP: 6/6
   677 | D        | Killed a kobold demonologist
   677 | D        | Reached *** piety under Trog
   678 | D        | Reached skill level 12 in Long Blades
   683 | D        | Killed a kobold demonologist
   684 | D        | Reached skill level 13 in Long Blades
   684 | D        | Reached XP level 8. HP: 75/86 MP: 7/7
   828 | D        | Found an ornate altar of the Wu Jian Council.
   828 | D        | Found a shimmering blue altar of Sif Muna.
   830 | D        | Found a radiant altar of Vehumet.
   866 | D        | Found Rucoizi's Distillery.
   866 | D        | Found an ancient bone altar of Kikubaaqudgha.
   866 | D        | Found a hazy altar of Hepliaklqana.
   866 | D        | Found a hide-covered altar of Uskayaw.
   866 | D        | Found a basalt altar of Yredelemnul.
   866 | D        | Found an opulent altar of Gozag.
   866 | D        | Found a snail-covered altar of Cheibriados.
   866 | D        | Found a sacrificial altar of Ru.
   866 | D        | Found a shadowy altar of Dithmenos.
   867 | D        | Found a stormy altar of Qazlal.
   867 | D        | Found a blossoming altar of Fedhas.
   867 | D        | Found a bloodstained altar of Trog.
   867 | D        | Found an iron altar of Okawaru.
   867 | D        | Found a glowing golden altar of the Shining One.
   867 | D        | Found a glowing silver altar of Zin.
   867 | D        | Found a white marble altar of Elyvilon.
   871 | D        | Reached **** piety under Trog
   872 | D        | Reached skill level 14 in Long Blades
   872 | D        | Found a sparkling altar of Nemelex Xobeh.
   876 | D        | Bought a potion of haste for 130 gold pieces
   885 | D        | Noticed a centaur warrior
   887 | D        | Noticed a centaur warrior
   895 | D        | Killed a centaur warrior
   896 | D        | Reached skill level 15 in Long Blades
   901 | D        | HP: 2/135 [centaur warrior (9)]
   903 | D        | Killed a centaur warrior
   904 | D        | Reached skill level 15 in Fighting
   904 | D        | Reached skill level 16 in Long Blades
   904 | D        | Reached XP level 9. HP: 3/97 MP: 8/8
  1270 | D        | Paralysed by a hornet for 2 turns
  1608 | D        | Noticed an oklob plant
  1627 | D        | Noticed a deep troll
  1635 | D        | Killed a deep troll
  1647 | D        | Found Ritojarann's Armour Emporium.
  1652 | D        | Bought a +0 chain mail for 63 gold pieces
  1792 | D        | Killed an oklob plant
  1793 | D        | Reached skill level 17 in Long Blades
  2301 | D        | Reached XP level 10. HP: 108/108 MP: 9/9
  2306 | D        | Reached ***** piety under Trog
  2315 | D        | Reached skill level 10 in Dodging
  2346 | D        | Reached ****** piety under Trog
  2386 | D        | Received a gift from Trog
  2393 | D        | Reached skill level 18 in Long Blades
  2400 | D        | Reached skill level 10 in Armour
  2527 | D        | Found Xuarazue's Distillery.
  2527 | D        | Found Watocon's Assorted Antiques.
  2527 | D        | Found Elirch Oxze's Antique Weapon Boutique.
  2529 | D        | Found Nis Ereh's Weapon Emporium.
  2529 | D        | Found Oduatoah's Antique Weapon Shop.
  2529 | D        | Found Puavvyajupi's Distillery.
  2529 | D        | Found Vorphet's Assorted Antiques.
  2529 | D        | Found Najieg's Antique Weapon Emporium.
  2529 | D        | Found Cedenam's Antique Armour Shop.
  2529 | D        | Found Pel Min's Weapon Shoppe.
  2596 | D        | Found Esom's Book Boutique.
  2597 | D        | Found Ruurphaergh's Antique Armour Emporium.
  2597 | D        | Found Hubo's Weapon Boutique.
  2598 | D        | Found Yweud's Armour Emporium.
  2602 | D        | Bought a pair of encrusted boots for 218 gold pieces
  2602 | D        | Identified the +1 pair of boots of Wisdom {Rampage Int+3}
                  | (You bought it in a shop in the Dungeon)
  2612 | D        | Bought a +1 hat for 132 gold pieces
  2612 | D        | Bought a +1 plate armour of fire resistance for 420 gold
                  | pieces
  2664 | D        | Noticed Sonja
  2671 | D        | Killed Sonja
  2672 | D        | Reached skill level 5 in Stealth
  2723 | D        | Found Qoigor's Distillery.
  2732 | D        | Noticed a shining eye
  2732 | D        | Noticed a shining eye
  2732 | D        | Noticed a shining eye
  2735 | D        | Noticed a shining eye
  2735 | D        | Noticed a shining eye
  2735 | D        | Noticed a shining eye
  2735 | D        | Paralysed by a floating eye for 3 turns
  2739 | D        | Gained mutation: Armour fits poorly on your strangely
                  | shaped body. [a shining eye]
  2741 | D        | Noticed a shining eye
  2741 | D        | Noticed a shining eye
  2744 | D        | Gained mutation: You are dopey. (Int -2) [a shining eye]
  2744 | D        | Gained mutation: Your spells are a little easier to cast,
                  | but a little less powerful. [a shining eye]
  2744 | D        | Paralysed by a floating eye for 2 turns
  2744 | D        | Gained mutation: You are weak. (Str -2) [a shining eye]
  2744 | D        | Gained mutation: You are frail. (-10% HP) [a shining eye]
  2745 | D        | Gained mutation: Your body sometimes deteriorates upon
                  | taking damage. [a shining eye]
  2747 | D        | Received a gift from Trog
  2747 | D        | Found the +8 autumn katana {vorpal, manifold assault}
  2751 | D        | Gained mutation: You are clumsy. (Dex -2) [a shining eye]
  2752 | D        | Killed a shining eye
  2752 | D        | Gained mutation: Your body often deteriorates upon taking
                  | damage. [a shining eye]
  2754 | D        | Gained mutation: You are very dopey. (Int -4) [a shining
                  | eye]
  2755 | D        | Gained mutation: You are very weak. (Str -4) [a shining
                  | eye]
  2756 | D        | Gained mutation: You sometimes lose your temper in combat.
                  | [a shining eye]
  2757 | D        | Gained mutation: You have hidden genetic defects. [a
                  | shining eye]
  2758 | D        | Killed a shining eye
  2761 | D        | Gained mutation: You are very clumsy. (Dex -4) [a shining
                  | eye]
  2762 | D        | Killed a shining eye
  2762 | D        | Gained mutation: Your movements are slightly less
                  | encumbered by armour. (ER -2) [a shining eye]
  2762 | D        | Gained mutation: Your magical capacity is low. (-10% MP) [a
                  | shining eye]
  2764 | D        | Gained mutation: You occasionally shout uncontrollably at
                  | your foes. [a shining eye]
  2766 | D        | Gained mutation: You frequently scream uncontrollably at
                  | your foes. [a shining eye]
  2767 | D        | Gained mutation: Your spells are easier to cast, but less
                  | powerful. [a shining eye]
  2767 | D        | Gained mutation: You occasionally lose the ability to read
                  | scrolls when taking damage. [a shining eye]
  2768 | D        | Gained mutation: Your spells are much easier to cast, but
                  | much less powerful. [a shining eye]
  2768 | D        | Gained mutation: You have an uncontrollable temper. [a
                  | shining eye]
  2769 | D        | Killed a shining eye
  2770 | D        | Reached skill level 19 in Long Blades
  2771 | D        | Gained mutation: Your magical capacity is very low. (-20%
                  | MP) [a shining eye]
  2771 | D        | Gained mutation: You sometimes lose the ability to read
                  | scrolls when taking damage. [a shining eye]
  2773 | D        | Lost mutation: You have hidden genetic defects. [a shining
                  | eye]
  2774 | D        | Killed a shining eye
  2775 | D        | Reached XP level 11. HP: 108/108 MP: 2/7
  2775 | D        | Gained mutation: Your magical capacity is extremely low.
                  | (-30% MP) [a shining eye]
  2777 | D        | Lost mutation: Armour fits poorly on your strangely shaped
                  | body. [a shining eye]
  2778 | D        | Gained mutation: Armour fits poorly on your strangely
                  | shaped body. [a shining eye]
  2780 | D        | Killed a shining eye
  2782 | D        | Gained mutation: You are very frail. (-20% HP) [a shining
                  | eye]
  2783 | D        | Gained mutation: Potions are less effective at restoring
                  | your health. [a shining eye]
  2783 | D        | Gained mutation: You occasionally lose the ability to drink
                  | potions when taking damage. [a shining eye]
  2784 | D        | Gained mutation: You sometimes lose the ability to drink
                  | potions when taking damage. [a shining eye]
  2788 | D        | Killed a shining eye
  2793 | D        | Killed a shining eye
  2806 | D        | Found Ipseag's Assorted Antiques.
  2806 | D        | Found Tuogega's General Store.
  2806 | D        | Found Ehuacveg's Book Boutique.
  2806 | D        | Found Xoxziwn's Armour Emporium.
  2827 | D        | Bought the +2 ring mail of Snakes and Ladders {rPois rF+
                  | Dex+6} for 627 gold pieces
  2838 | D        | Lost mutation: You frequently scream uncontrollably at your
                  | foes. [potion of mutation]
  2838 | D        | Lost mutation: Your movements are slightly less encumbered
                  | by armour. (ER -2) [potion of mutation]
  2838 | D        | Lost mutation: Your magical capacity is extremely low.
                  | (-30% MP) [potion of mutation]
  2838 | D        | Lost mutation: You occasionally shout uncontrollably at
                  | your foes. [potion of mutation]
  2838 | D        | Lost mutation: You are very weak. (Str -4) [potion of
                  | mutation]
  2838 | D        | Gained mutation: Your flesh is heat resistant. (rF+)
                  | [potion of mutation]
  2891 | D        | Bought a potion of mutation for 96 gold pieces
  2891 | D        | Bought a potion of mutation for 96 gold pieces
  2891 | D        | Lost mutation: You have an uncontrollable temper. [potion
                  | of mutation]
  2891 | D        | Lost mutation: Your flesh is heat resistant. (rF+) [potion
                  | of mutation]
  2891 | D        | Lost mutation: You sometimes lose the ability to drink
                  | potions when taking damage. [potion of mutation]
  2891 | D        | Gained mutation: You have supernaturally acute eyesight.
                  | (SInv) [potion of mutation]
  2892 | D        | Lost mutation: Your spells are much easier to cast, but
                  | much less powerful. [potion of mutation]
  2892 | D        | Lost mutation: You are very clumsy. (Dex -4) [potion of
                  | mutation]
  2892 | D        | Lost mutation: You are clumsy. (Dex -2) [potion of
                  | mutation]
  2944 | D        | Reached skill level 20 in Long Blades
  2950 | D        | Received a gift from Trog
  3160 | D        | Noticed a lorocyproca
  3173 | D        | Killed a lorocyproca
  3806 | D        | Noticed a lindwurm
  3813 | D        | Killed a lindwurm
  3814 | D        | Reached skill level 21 in Long Blades
  3826 | D        | Received a gift from Trog
  3841 | D        | Received a gift from Trog
  3971 | D        | Noticed a 12-headed hydra
  3974 | D        | Killed a 14-headed hydra
  3976 | D        | Reached skill level 22 in Long Blades
  4118 | D        | Noticed a daeva
  4132 | D        | Received a gift from Trog
  4370 | D        | Reached XP level 12. HP: 106/107 MP: 8/8
  4374 | D        | Noticed a fire giant
  4375 | D        | Noticed a fire giant
  4391 | D        | Killed a fire giant
  4392 | D        | Reached skill level 15 in Armour
  4402 | D        | Noticed a fire giant
  4404 | D        | HP: 1/108 [fire giant/+1 great sword of flaming (6)]
  4404 | D        | Slain by a fire giant

Illustrated notes

Levels and vault maps discovered:
D:        dungeon_sprint_1 [red_sonja_temple_1, red_sonja_temple_small_1]

Skill      XL: |  1  2  3  4  5  6  7  8  9 10 11 12 |
---------------+-------------------------------------+-----
Fighting       | 5 7 10 11 13 15 16 18 20 21 | 21.0
Long Blades    | 5 7 9 11 13 16 17 19 22 | 22.6
Armour         | 3 4 5 6 7 8 12 14 15 | 15.0
Dodging        | 3 4 5 6 7 8 9 11 | 11.1
Stealth        | 1 3 4 5 |  5.3

Action                   |  1- 3 |  4- 6 |  7- 9 | 10-12 || total
-------------------------+-------+-------+-------+-------++-------
Melee: Falchion          |    10 |    25 |    64 |    51 ||   150
       Headbutt          |     2 |     2 |    21 |    42 ||    67
       Punch             |       |       |     1 |     3 ||     4
       Great sword       |       |       |       |    49 ||    49
       Katana            |       |       |       |    95 ||    95
Invok: Berserk           |     1 |     3 |     4 |     8 ||    16
       Trog's Hand       |       |       |       |     2 ||     2
  Use: Potion            |       |       |     2 |     5 ||     7
       Scroll            |       |       |       |     3 ||     3
 Stab: Sleeping          |       |       |     1 |       ||     1
Armor: Leather armour    |       |     3 |     8 |       ||    11
       Chain mail        |       |       |     2 |    20 ||    22
       Plate armour      |       |       |       |    61 ||    61
Dodge: Dodged            |     4 |    11 |    28 |    53 ||    96
